 Dungeon Crawl Stone Soup version 0.21.1-1-g345015fe64 (webtiles) character file.

42 DildoBatman the Sneak (level 3, -1/29 HPs)
             Began as a Formicid Enchanter on Mar 19, 2018.
             Slain by a worm (5 damage)
             ... on level 2 of the Dungeon.
             The game lasted 00:03:11 (1403 turns).

DildoBatman the Sneak (Formicid Enchanter)          Turns: 1403, Time: 00:03:11

Health: -1/29      AC:  5    Str: 13    XL:     3   Next: 80%
Magic:  6/6        EV: 11    Int: 14    God:
Gold:   44         SH:  0    Dex: 11    Spells: 2/6 levels left

rFire    . . .     SeeInvis +   f - +0 club
rCold    . . .     Gourm    .   (no shield)
rNeg     . . .     Faith    .   e - +0 ring mail
rPois    .         Spirit   .   (helmet unavailable)
rElec    .         Reflect  .   (no cloak)
rCorr    .         Harm     .   (no gloves)
MR       .....                  (no boots)
Stlth    ++........             (no amulet)
HPRegen  0.09/turn              (no ring)
MPRegen  0.10/turn              (no ring)

@: no status effects
A: permanent stasis, dig shafts and tunnels, four strong arms, antennae 3
a: Dig, Shaft Self


You were on level 2 of the Dungeon.
You were not hungry.

You visited 1 branch of the dungeon, and saw 2 of its levels.

You collected 44 gold pieces.

Inventory:

Hand Weapons
 a - a +1 dagger
 f - a +0 club (weapon)
Missiles
 d - 27 stones (quivered)
 g - 8 poisoned tomahawks
Armour
 e - a +0 ring mail (worn)
Scrolls
 b - a scroll of blinking {unknown}
 h - 2 scrolls of remove curse {unknown}
 l - a scroll of identify {unknown}
Potions
 i - 2 potions of resistance {unknown}
 j - 2 potions of heal wounds {unknown}
 k - a potion of agility {unknown}
Books
 c - a book of Maledictions

   Spells                             Type                      Level
   a - Corona                         Hexes                        1
   b - Ensorcelled Hibernation        Hexes/Ice                    2
   c - Confuse                        Hexes                        3
   d - Tukima's Dance                 Hexes                        3
   e - Dazzling Spray                 Conjuration/Hexes            3
Comestibles
 v - 5 rations


   Skills:
 - Level 3.0 Fighting
 - Level 1.0 Short Blades
 * Level 0.5 Armour
 * Level 1.9 Dodging
 * Level 3.8 Stealth
 - Level 2.1 Spellcasting
 - Level 3.6 Hexes


You had 2 spell levels left.
You knew the following spells:

 Your Spells              Type           Power        Failure   Level  Hunger
a - Corona                Hex            ##.....      11%         1    #......
b - Confuse               Hex            ##......     32%         3    ###....


Dungeon Overview and Level Annotations

Branches:
Dungeon (2/15)

Altars:
Trog

Annotations:
D:2 Natasha


Innate Abilities, Weirdness & Mutations

You cannot be hasted, slowed, berserked, paralysed or teleported.
You can dig through walls and to a lower floor.
Your four strong arms can wield two-handed weapons with a shield.
You have a pair of large antennae on your head. (SInv)


Message History

The worm is almost dead.
The worm closely misses you.
You barely miss the worm.
The worm is almost dead.
The worm bites you!
You hit the worm.
You kill the worm!
You barely miss the worm. The worm misses you.
You hit the worm but do no damage. You hit the worm.
The worm is moderately wounded.
The worm barely misses you.
You hit the worm but do no damage.
The worm is moderately wounded.
The worm closely misses you.
You hit the worm.
The worm is moderately wounded.
The worm bites you.
You die...

#. #......# #
############....# ##.......#
##....## # #....###.#
#....#.....#
####.###+###.h#.#.###.#
#......##..#.#.#.#.#
##.....##..#.#.#...#.
..........#...<.###.#5#.......
...###....###@### #...h..<..#
..##y##...#.#w# #.#.##.#..#
...###....#.#.#####.#.#.....#
.........##.........#.####.##
)..._....##.........#.. .#
#).w.)..##w.........### ##
#.#...........#
##†...........# #............#


You could see a worm.

Vanquished Creatures
  A worm (D:2)
  A dart slug (D:1)
  A leopard gecko (D:2)
  A giant cockroach (D:1)
  6 goblins
  7 hobgoblins
  4 bats
  3 frilled lizards (D:1)
  3 kobolds (D:1)
  6 rats
33 creatures vanquished.

Notes
Turn   | Place    | Note
-------+----------+-------------------------------------------
     0 | D:1      | DildoBatman the Formicid Enchanter began the quest for the Orb.
     0 | D:1      | Reached XP level 1. HP: 13/13 MP: 3/3
   122 | D:1      | Reached skill level 1 in Fighting
   268 | D:1      | Reached XP level 2. HP: 20/22 MP: 5/5
   564 | D:1      | Reached XP level 3. HP: 25/28 MP: 6/6
   569 | D:1      | Learned a level 3 spell: Confuse
  1167 | D:2      | Noticed Natasha
  1355 | D:2      | Found a bloodstained altar of Trog.
  1355 | D:2      | Noticed a moth of wrath
  1403 | D:2      | Slain by a worm

Skill      XL: |  1  2  3 |
---------------+----------+-----
Fighting       | 1 2 3 |  3.0
Short Blades   | |  1.0
Armour         | |  0.5
Dodging        | |  1.9
Stealth        | |  3.8
Spellcasting   | |  2.1
Hexes          | |  3.6

Action                   || total
-------------------------++-------
Melee: Dagger            ||   125
       Club              ||    27
 Cast: Corona            ||     9
 Abil: Dig               ||     2
 Stab: Sleeping          ||     2
  Eat: Chunk             ||     2
Armor: Ring mail         ||    44
       Robe              ||     1
Dodge: Dodged            ||    78
